 Dungeon Crawl Stone Soup version 0.31-a0-208-gdb31a4691d (webtiles) character file.

Game seed: 18058855477225902379

52337 gelatine the Tainter (level 14, -2/103 HPs)
             Began as a Demonspawn Venom Mage on June 28, 2023.
             Was a High Priest of Vehumet.
             Slain by a ghost moth (13 damage)
             ... on level 1 of the Spider Nest on June 29, 2023.
             The game lasted 01:29:30 (19931 turns).

gelatine the Tainter (Demonspawn Venom Mage)       Turns: 19931, Time: 01:29:31

Health: -2/103     AC:  7    Str:  5 (7)  XL:     14   Next: 26%
Magic:  7/25       EV: 21    Int: 26 (27) God:    Vehumet [*****.]
Gold:   1087       SH: 12    Dex: 20      Spells: 10/33 levels left

rFire   + + .        q - +7 dagger of the Open Hand {heavy, rElec rF++ rCorr}
rCold   . . .        (no shield)
rNeg    . . .        j - +0 leather armour of Absence {rPois Str+2 Dex+3}
rPois   +            J - +2 helmet
rElec   +            F - +1 cloak
rCorr   +            e - +2 pair of gloves
SInv    .            h - +2 pair of boots
Will    +....        y - amulet of magic regeneration
Stlth   +++          k - +4 ring of slaying
HPRegen 0.37/turn    Q - ring "Suoruula" {EV+5 Str-4 Int+3 Dex+4}
MPRegen 0.59/turn

%: no passive effects
@: about to teleport, corroded
A: large bone plates 3, foul stench 2, icemail 1, condensation shield, weakness
stinger 2, talons 1, clever 1, low MP 1
a: Renounce Religion


You were on level 1 of the Spider Nest.
You worshipped Vehumet.
Vehumet was extremely pleased with you.
You visited 3 branches of the dungeon, and saw 16 of its levels.
You also visited: Bailey.

You collected 1087 gold pieces.

Inventory:

Hand Weapons
 q - the +7 dagger of the Open Hand (weapon) {heavy, rElec rF++ rCorr}
   (You found it on level 4 of the Dungeon)

   rF:        It greatly protects you from fire.
   rElec:     It insulates you from electricity.
   rCorr:     It protects you from acid and corrosion.
 t - the +5 sling "Goitum" {flame, +Blink rF- rCorr Dex-4}
   (You found it on level 4 of the Dungeon)

   Dex:       It affects your dexterity (-4).
   rF:        It makes you vulnerable to fire.
   +Blink:    It lets you blink.
   rCorr:     It protects you from acid and corrosion.
 L - the +8 rapier "Aubergine" {spect, Fly rCorr Str+4}
   (You found it on level 7 of the Dungeon)

   Str:       It affects your strength (+4).
   Fly:       It grants you flight.
   rCorr:     It protects you from acid and corrosion.
Missiles
 c - a silver boomerang
 A - 3 throwing nets
 I - 2 datura-tipped darts
 K - 11 curare-tipped darts
 M - 5 atropa-tipped darts
Armour
 b - a +2 robe of positive energy
 e - a +2 pair of gloves (worn)
 g - the +1 robe of Trial and Error {rC+}
   (You found it on level 1 of the Lair of Beasts)

   rC:        It protects you from cold.
 h - a +2 pair of boots (worn)
 i - a +0 troll leather armour
 j - the +0 leather armour of Absence (worn) {rPois Str+2 Dex+3}
   (You took it off a goblin on level 2 of the Dungeon)

   Str:       It affects your strength (+2).
   Dex:       It affects your dexterity (+3).
   rPois:     It protects you from poison.
 r - a +0 leather armour of willpower
 C - a +1 hat
 F - a +1 cloak (worn)
 J - a +2 helmet (worn)
 W - the +0 leather armour "Milefaor" {-Tele Int+4 Slay+3}
   (You found it on level 12 of the Dungeon)

   Int:       It affects your intelligence (+4).
   Slay:      It affects your accuracy & damage with ranged weapons and melee
   (+3).
   -Tele:     It prevents most forms of teleportation.
Magical Staves
 m - the staff "Keikuxt" {rPois rF+ Will+ Poison}
   (You found it on level 7 of the Dungeon)

   [staff of poison]

   Base accuracy: +5 Base damage: 5 Base attack delay: 1.2 This weapon's minimum
   attack delay (0.6) is reached at skill level 12.
   rF:        It protects you from fire.
   rPois:     It protects you from poison.
   Poison:    It increases the power of your Poison spells.
   Will:      It increases your willpower.
   It falls into the 'Staves' category.
   It is a one-handed weapon.
 u - the staff "Zuesytur" {rF+ rCorr Str+3 Fire}
   (You found it on level 7 of the Dungeon)

   [staff of fire]

   Base accuracy: +5 Base damage: 5 Base attack delay: 1.2 This weapon's minimum
   attack delay (0.6) is reached at skill level 12.
   Str:       It affects your strength (+3).
   rF:        It protects you from fire.
   rCorr:     It protects you from acid and corrosion.
   Fire:      It increases the power of your Fire spells.
   It falls into the 'Staves' category.
   It is a one-handed weapon.
 x - the staff "Elett" {rPois rCorr Int+3 Poison}
   (You found it on level 7 of the Dungeon)

   [staff of poison]

   Base accuracy: +5 Base damage: 5 Base attack delay: 1.2 This weapon's minimum
   attack delay (0.6) is reached at skill level 12.
   Int:       It affects your intelligence (+3).
   rPois:     It protects you from poison.
   rCorr:     It protects you from acid and corrosion.
   Poison:    It increases the power of your Poison spells.
   It falls into the 'Staves' category.
   It is a one-handed weapon.
Jewellery
 k - a +4 ring of slaying (left hand)
 p - a ring of positive energy
 y - an amulet of magic regeneration (around neck)
 Q - the ring "Suoruula" (right hand) {EV+5 Str-4 Int+3 Dex+4}
   (You found it on level 9 of the Dungeon)

   [ring of evasion]

   EV:        It affects your evasion (+5).
   Str:       It affects your strength (-4).
   Int:       It affects your intelligence (+3).
   Dex:       It affects your dexterity (+4).
 U - a ring of protection from fire
 X - a ring of protection from cold
 Z - a ring of see invisible
Wands
 w - a wand of charming (15)
 G - a wand of digging (13)
 O - a wand of iceblast (6)
Scrolls
 a - a scroll of poison
 s - a scroll of fog
 E - 2 scrolls of vulnerability
 P - 4 scrolls of enchant weapon
 R - 2 scrolls of enchant armour
 S - 4 scrolls of summoning
 T - 2 scrolls of revelation
 Y - a scroll of amnesia
Potions
 d - 8 potions of curing
 l - 4 potions of lignification
 o - a potion of cancellation
 v - 3 potions of heal wounds
 z - 3 potions of attraction
 B - 3 potions of might
 D - a potion of brilliance
 H - 2 potions of haste
 N - a potion of invisibility
 V - 2 potions of enlightenment


   Skills:
 * Level 7.3 Fighting
 * Level 7.0 Short Blades
 + Level 5.2 Armour
 * Level 7.5 Dodging
 + Level 5.6 Stealth
 * Level 7.3 Shields
 * Level 10.2 Spellcasting
 * Level 7.5 Conjurations
 + Level 5.3 Transmutations
 + Level 2.6 Fire Magic
 + Level 3.7 Air Magic
 * Level 11.0 Poison Magic
 + Level 1.9 Evocations


You had 10 spell levels left.
You knew the following spells:

 Your Spells              Type           Power      Damage    Failure   Level
a - Sting                 Tmut/Pois      100%       1d8       1%          1
b - Poisonous Vapours     Pois/Air       100%       N/A       1%          2
c - Mephitic Cloud        Conj/Pois/Air  51%        N/A       1%          3
d - Olgreb's Toxic Radia  Pois           63%        N/A       1%          4
e - Ignite Poison         Fire/Tmut/Pois 46%        N/A       1%          3
f - Arcjolt               Conj/Air       21%        1d31      5%          5
g - Fireball              Conj/Fire      19%        3d9       7%          5

Your spell library contained the following spells:

 Spells                   Type           Power      Damage    Failure   Level
 Cigotuvi's Dreadful Rot  Necr/Pois/Air  76%        N/A       1%          2
 Spider Form              Tmut/Pois      54%        N/A       1%          3
 Flame Wave               Conj/Fire      39%        2d11      2%          4
 Sticky Flame             Conj/Fire      39%        2d6       2%          4
 Inner Flame              Hex/Fire       20%        N/A       3%          3
 Slow                     Hex            52%        N/A       7%          1
 Alistair's Intoxication  Tmut/Pois      36%        N/A       7%          5
 Ensorcelled Hibernation  Hex/Ice        26%        N/A       11%         2
 Freezing Cloud           Conj/Ice/Air   16%        6-21      11%         5
 Eringya's Noxious Bog    Tmut/Pois      27%        N/A       11%         6
 Call Canine Familiar     Summ           13%        N/A       22%         3
 Confusing Touch          Hex            13%        N/A       22%         3
 Gell's Gravitas          Tloc           13%        N/A       22%         3
 Portal Projectile        Hex/Tloc       26%        N/A       22%         3
 Teleport Other           Tloc           13%        N/A       22%         3
 Tukima's Dance           Hex            13%        N/A       22%         3
 Vampiric Draining        Necr           13%        2d6       22%         3
 Blade Hands              Tmut           20%        N/A       22%         5
 Anguish                  Hex/Necr       6%         N/A       56%         4
 Leda's Liquefaction      Hex/Erth       6%         N/A       56%         4
 Borgnjor's Vile Clutch   Necr/Erth      6%         N/A       89%         5
 Dispersal                Tloc           6%         N/A       100%        6


Dungeon Overview and Level Annotations

Branches:
Dungeon (12/15)            Temple (0/1) D:6            Lair (2/5) D:8
  Swamp (0/4) Lair:2       Spider (2/4) Lair:2          Orc (0/2) D:9
 Bailey (visited)

Altars:
Gozag
Hepliaklqana
Kikubaaqudgha
Makhleb
Nemelex Xobeh
Trog
Vehumet

Shops:
D:3 =   D:4 !   D:6 :


Innate Abilities, Weirdness & Mutations

You are completely covered in large bone plates. (SH +8)
You sometimes emit foul miasma when damaged in melee.
A meltable icy envelope protects you from harm. (AC +4)
A meltable shield of frost defends you. (SH +4)
You have a tail ending in a sharp stinger.
You have sharp toenails.
Your mind is acute. (Int +4, Str/Dex -1)
Your magical capacity is low. (-10% MP)


Message History

The tarantella is poisoned. x2; The redback is poisoned.
You kill the tarantella!
Vehumet accepts your kill.
You feel your power returning.
Your Short Blades skill increases to level 7!
The redback looks even sicker.
You kill the tarantella!
Vehumet accepts your kill.
You feel your power returning.
The redback looks even sicker.
You feel yourself slow down.
Your toxic aura wanes.
You kill the redback!
Vehumet accepts your kill.
You feel your power returning.
You feel you are being watched by something.
You feel your power leaking away. Something hits you!
You feel weakened.
You emit a cloud of foul miasma!
Deactivating autopickup; reactivate with Ctrl-A.
Something hits you. You block something's attack. Something hits you!
Something hits you.
Something stings you but does no damage.
You hit something but do no damage.
Your tail-slap misses something.
Something hits you!
* * * LOW HITPOINT WARNING * * *
You feel weakened. Something hits you but does no damage.
Something barely misses you.
You miss something.
You feel you are being watched by something.
You feel your power leaking away. Something barely misses you.
Something hits you.
* * * LOW HITPOINT WARNING * * *
You feel dopey.
Something stings you but does no damage.
As you read the scroll of teleportation, it crumbles to dust.
You feel strangely unstable. Something hits you!!
* * * LOW HITPOINT WARNING * * *
Something hits you!
You die...

......^###
.......#.#
###.........
##...>......#
#.....†.....#
..##.........
..........##
.......@...#
.......○....#
.........####
##........
##.###†... ##
#.....
....... ###
........
##..# #....


There were no monsters in sight!

Vanquished Creatures
  An emperor scorpion (Spider:2)
  A broodmother (Spider:2)
  An entropy weaver (Spider:1)
  A hydra (Lair:2)
  2 radroaches
  3 two-headed ogres
  3 boulder beetles
  A demonic crawler (Spider:2)
  Sonja (D:12)
  2 skeletal warriors (D:11)
  4 pharaoh ants
  5 orb spiders
  2 steelbarb worms
  3 cyclopes
  12 wolf spiders
  Maurice (D:11)
  2 black mambas
  2 guardian serpents (D:11)
  A gargoyle (D:11)
  A rime drake (Lair:1)
  2 torpor snails
  3 cane toads
  2 komodo dragons
  3 trolls
  6 meliai (Spider:1)
  A polar bear (Lair:2)
  17 tarantellas
  Grinder (D:3)
  Prince Ribbit (D:8)
  2 hornets (D:9)
  5 blink frogs (Lair:2)
  9 slime creatures
  12 culicivoras
  4 jumping spiders
  A wraith (D:11)
  21 yaks
  A shadow (D:10)
  A vampire (D:10)
  2 basilisks
  25 redbacks
  2 vampire mosquitoes (D:12)
  Edmund (D:5)
  9 water moccasins
  2 sky beasts
  18 orc warriors
  A black bear (D:7)
  8 ogres
  2 ice beasts
  12 wolves (Lair:1)
  3 centaurs
  2 phantoms
  Blork the orc (D:5)
  5 kobold brigands
  A gnoll sergeant (D:7)
  4 scorpions
  14 bullfrogs
  5 wights (D:10)
  6 killer bees (D:8)
  6 howler monkeys
  2 jellies (D:6)
  6 orc priests
  Crazy Yiuf (D:6)
  3 hounds
  2 sleepcaps (D:7)
  6 iguanas
  Natasha (thrice) (D:4)
  20 orc wizards
  3 gnolls (D:5)
  7 adders
  2 shadow imps
  4 white imps
  An ufetubus (D:5)
  2 worms (D:2)
  3 dart slugs (D:1)
  65 orcs
  9 ball pythons
  2 bats (D:1)
  10 endoplasms
  2 giant cockroaches (D:4)
  13 goblins
  6 hobgoblins
  6 quokkas
  21 kobolds
  3 rats
472 creatures vanquished.

Notes
Turn   | Place    | Note
-------+----------+-------------------------------------------
     0 | D:1      | gelatine the Demonspawn Venom Mage began the quest for the
                  | Orb.
     0 | D:1      | Reached XP level 1. HP: 13/13 MP: 3/3
   119 | D:1      | Reached skill level 1 in Transmutations
   222 | D:1      | Gained mutation: You have a small tail. [demonic ancestry]
   222 | D:1      | Reached XP level 2. HP: 8/20 MP: 1/5
   762 | D:1      | Gained mutation: You are partially covered in large bone
                  | plates. (SH +4) [demonic ancestry]
   762 | D:1      | Reached XP level 3. HP: 25/25 MP: 3/6
  1087 | D:2      | Learned a level 2 spell: Poisonous Vapours
  1467 | D:2      | Identified the +0 leather armour of Absence {rPois Str+2
                  | Dex+3}
  1671 | D:2      | Gained mutation: A meltable shield of frost defends you.
                  | (SH +4) [demonic ancestry]
  1671 | D:2      | Reached XP level 4. HP: 30/31 MP: 3/8
  2006 | D:2      | Found a faded altar of an unknown god.
  2143 | D:3      | Noticed Grinder
  2155 | D:3      | Paralysed by Grinder for 5 turns
  2296 | D:3      | Found a radiant altar of Vehumet.
  2300 | D:3      | Became a worshipper of Vehumet
  2363 | D:3      | Found a sparkling altar of Nemelex Xobeh.
  2433 | D:3      | Found an opulent altar of Gozag.
  2458 | D:3      | Found Kihebrol's Jewellery Emporium.
  2745 | D:3      | Learned a level 3 spell: Mephitic Cloud
  2949 | D:3      | Paralysed by Grinder for 5 turns
  2959 | D:3      | Killed Grinder
  2960 | D:3      | Reached skill level 1 in Fighting
  2960 | D:3      | Reached skill level 1 in Short Blades
  2960 | D:3      | Reached skill level 1 in Armour
  2960 | D:3      | Gained mutation: You may rarely emit foul miasma when
                  | damaged in melee. [demonic ancestry]
  2960 | D:3      | Reached XP level 5. HP: 11/37 MP: 4/9
  2960 | D:3      | Reached XP level 6. HP: 12/43 MP: 4/10
  3290 | D:4      | Identified the +7 dagger of the Open Hand {heavy, rElec
                  | rF++ rCorr}
  3291 | D:4      | Noticed Natasha
  3302 | D:4      | Reached skill level 1 in Air Magic
  3305 | D:4      | Killed Natasha
  3439 | D:4      | Identified the +5 sling "Goitum" {flame, +Blink rF- rCorr
                  | Dex-4}
  3476 | D:4      | Found Ologh's Distillery.
  3909 | D:4      | Noticed Natasha
  4142 | D:4      | Reached * piety under Vehumet
  4142 | D:4      | Offered knowledge of Freeze by Vehumet.
  4604 | D:4      | Killed Natasha
  4969 | D:4      | Noticed Natasha
  4989 | D:4      | Killed Natasha
  4990 | D:4      | Reached skill level 4 in Poison Magic
  5032 | D:5      | Entered Level 5 of the Dungeon
  5266 | D:5      | Noticed Blork the orc
  5270 | D:5      | Reached XP level 7. HP: 35/49 MP: 12/12
  5276 | D:5      | Killed Blork the orc
  5277 | D:5      | Reached skill level 1 in Conjurations
  5347 | D:5      | Noticed Edmund
  5350 | D:5      | Killed Edmund
  5672 | D:5      | Learned a level 4 spell: Olgreb's Toxic Radiance
  5998 | D:6      | Gained mutation: You have a tail ending in a sharp stinger.
                  | [demonic ancestry]
  5998 | D:6      | Reached XP level 8. HP: 45/56 MP: 5/13
  6388 | D:6      | Found a runed translucent door.
  6389 | D:6      | Noticed Crazy Yiuf
  6400 | D:6      | Killed Crazy Yiuf
  6742 | D:6      | Found Cenepro's Vocational Training.
  6753 | D:6      | Found a staircase to the Ecumenical Temple.
  6757 | D:6      | Reached ** piety under Vehumet
  6840 | D:6      | Offered knowledge of Magic Dart by Vehumet.
  6857 | D:6      | Reached skill level 1 in Shields
  6932 | D:6      | Reached XP level 9. HP: 56/62 MP: 10/15
  7260 | D:7      | Reached skill level 5 in Poison Magic
  7469 | D:7      | Found a burning altar of Makhleb.
  7489 | D:7      | Identified the +8 rapier "Aubergine" {spect, Fly rCorr
                  | Str+4}
  8051 | D:7      | Offered knowledge of Scorch by Vehumet.
  8055 | D:7      | Reached skill level 6 in Poison Magic
  8064 | D:7      | Noticed a troll
  8075 | D:7      | Killed a troll
  8115 | D:7      | Identified the +4 plate armour "Jeupoxurch" {rElec rF+}
  8123 | D:7      | Noticed a cyclops
  8124 | D:7      | Noticed a two-headed ogre
  8407 | D:7      | Reached *** piety under Vehumet
  8708 | D:7      | Killed a two-headed ogre
  8709 | D:7      | Reached skill level 5 in Spellcasting
  8709 | D:7      | Gained mutation: A meltable icy envelope protects you from
                  | harm. (AC +4) [demonic ancestry]
  8709 | D:7      | Reached XP level 10. HP: 70/70 MP: 8/17
  8723 | D:7      | Offered knowledge of Flame Wave by Vehumet.
  8797 | D:7      | Killed a cyclops
  8797 | D:7      | Identified the +2 glaive of Dissatisfaction {freeze, Str+5
                  | Int-4 SInv}
  8798 | D:7      | Reached skill level 5 in Stealth
  8798 | D:7      | Reached skill level 7 in Poison Magic
  8867 | D:7      | Identified the staff "Keikuxt" {rPois rF+ Will+ Poison}
  8869 | D:7      | Identified the staff of the Endless Expanse {rPois Str+4
                  | Poison}
  8882 | D:7      | Identified the staff "Zuesytur" {rF+ rCorr Str+3 Fire}
  8887 | D:7      | Identified the staff "Elett" {rPois rCorr Int+3 Poison}
  8897 | D:7      | Learned a level 3 spell: Ignite Poison
  9503 | D:8      | Reached **** piety under Vehumet
  9637 | D:8      | Offered knowledge of Arcjolt by Vehumet.
  9644 | D:8      | Learned a level 5 spell: Arcjolt
  9721 | D:8      | Found a staircase to the Lair.
  9764 | D:8      | Noticed Prince Ribbit
  9774 | D:8      | Killed Prince Ribbit
 10097 | D:9      | Found a staircase to the Orcish Mines.
 10282 | D:9      | Reached skill level 1 in Evocations
 10320 | D:9      | Gained mutation: You are mostly covered in large bone
                  | plates. (SH +6) [demonic ancestry]
 10320 | D:9      | Reached XP level 11. HP: 78/78 MP: 14/19
 10331 | D:9      | Found an ancient bone altar of Kikubaaqudgha.
 10368 | D:9      | Found a bloodstained altar of Trog.
 10578 | D:9      | Identified the ring "Suoruula" {EV+5 Str-4 Int+3 Dex+4}
 10610 | D:9      | Noticed a two-headed ogre
 10618 | D:9      | Killed a two-headed ogre
 10619 | D:9      | Reached skill level 5 in Dodging
 10619 | D:9      | Reached skill level 1 in Fire Magic
 10783 | D:10     | Entered Level 10 of the Dungeon
 10994 | D:10     | Found a flagged portal.
 11002 | Bailey   | Entered a bailey
 11017 | Bailey   | Reached ***** piety under Vehumet
 11026 | Bailey   | Offered knowledge of Iskenderun's Battlesphere by Vehumet.
 11131 | Bailey   | Reached skill level 5 in Armour
 11150 | Bailey   | Reached skill level 8 in Poison Magic
 11719 | D:10     | Found a hazy altar of Hepliaklqana.
 12067 | D:11     | Gained mutation: Your mind is acute. (Int +4, Str/Dex -1)
                  | [potion of mutation]
 12067 | D:11     | Gained mutation: Your magical capacity is low. (-10% MP)
                  | [potion of mutation]
 12067 | D:11     | Gained mutation: You have sharp toenails. [potion of
                  | mutation]
 12102 | D:11     | Noticed a boulder beetle
 12115 | D:11     | Killed a boulder beetle
 12319 | D:11     | Noticed a boulder beetle
 12322 | D:11     | Killed a boulder beetle
 12417 | D:11     | Noticed Maurice
 12422 | D:11     | Killed Maurice
 12423 | D:11     | Reached skill level 5 in Short Blades
 12660 | D:11     | Reached skill level 5 in Fighting
 12669 | D:11     | Reached skill level 5 in Conjurations
 13465 | D:12     | Noticed Sonja
 13468 | D:12     | Killed Sonja
 13468 | D:12     | Offered knowledge of Spellforged Servitor by Vehumet.
 13520 | D:12     | Reached skill level 5 in Shields
 13639 | D:12     | Noticed a two-headed ogre
 13644 | D:12     | Killed a two-headed ogre
 13645 | D:12     | Reached XP level 12. HP: 86/86 MP: 15/19
 13950 | D:12     | Identified the +0 leather armour "Milefaor" {-Tele Int+4
                  | Slay+3}
 13979 | D:12     | Identified the staff of Gozag's Wrath {rN+ Will+ rCorr
                  | Necro}
 14068 | D:12     | Noticed a boulder beetle
 14071 | D:12     | Killed a boulder beetle
 14091 | D:12     | Reached skill level 9 in Poison Magic
 15633 | Lair:1   | Entered Level 1 of the Lair of Beasts
 15639 | Lair:1   | Identified the +1 robe of Trial and Error {rC+}
 16770 | Lair:2   | Found a staircase to the Swamp.
 16813 | Lair:2   | Found a hole to the Spider Nest.
 17192 | Lair:2   | Gained mutation: You sometimes emit foul miasma when
                  | damaged in melee. [demonic ancestry]
 17192 | Lair:2   | Reached XP level 13. HP: 94/94 MP: 22/22
 17673 | Spider:1 | Entered Level 1 of the Spider Nest
 17673 | Spider:1 | You fall into a shaft and drop 1 floor!
 17730 | Spider:2 | Reached skill level 5 in Transmutations
 18061 | Spider:2 | Noticed a broodmother
 18079 | Spider:2 | Killed a broodmother
 18080 | Spider:2 | Reached skill level 10 in Poison Magic
 19233 | Spider:1 | Offered knowledge of Fireball by Vehumet.
 19236 | Spider:1 | Gained mutation: You are completely covered in large bone
                  | plates. (SH +8) [demonic ancestry]
 19236 | Spider:1 | Reached XP level 14. HP: 103/103 MP: 22/24
 19272 | Spider:2 | Learned a level 5 spell: Fireball
 19324 | Spider:2 | Noticed an emperor scorpion
 19338 | Spider:2 | Killed an emperor scorpion
 19689 | Spider:2 | Reached skill level 10 in Spellcasting
 19715 | Spider:2 | Reached skill level 11 in Poison Magic
 19931 | Spider:1 | Slain by a ghost moth

Illustrated notes

Levels and vault maps discovered:
D:1:      lightli_arrival_statuegarden, layout_loops_ring
D:2:      layout_loops_ring, serial_glass, glass_columns_a, glass_columns_b,
          shapermc_ecumenical_altar_mp_ritualfount, hex_tiny
D:3:      layout_basic, grunt_gozag_breadcrumbs, lemuel_round_altar,
          mainiacjoe_overflow_chevrons, serial_shops, shop,
          minmay_misc_feat_roman, uniq_grinder
D:4:      layout_layer_cave, serial_shops, nicolae_shop_tiny_real_fake_doors,
          st_stairs_10, hangedman_decor_opposing, uniq_natasha
D:5:      layout_basic, uniq_edmund, uniq_blork_the_orc
D:6:      minmay_flawed_box, layout_cave_pods, minmay_temple_entry_statues,
          nicolae_shop_vocational, uniq_crazy_yiuf_cottage
D:7:      minmay_the_grid_octo_tiled_octocenter
          [minmay_the_grid_octo_tetromino_candy,
          minmay_the_grid_octo_thin_diamonds, minmay_the_grid_octo_fat_diamond,
          minmay_the_grid_octo_clover, minmay_the_grid_octo_prize_star,
          minmay_the_grid_square_5x5_two, minmay_the_grid_square_5x5_meh,
          minmay_the_grid_square_5x5_three,
          minmay_the_grid_square_5x5_gyroscope], layout_gridville,
          lemuel_tele_altar, grunt_ministairs_10
D:8:      layout_cave_pools, lair_entry_dummy, uniq_prince_ribbit1
D:9:      layout_roguey, kiku_gazebo_garden_becter, trog_butcher_becter,
          erik_orc_3
D:10:     layout_roguey, nicolae_hepliaklqana_hippocampus, enter_bailey_2
D:11:     nrook_guardian_serpent_snake_passage, layout_layer_cave, uniq_maurice
D:12:     layout_grid_maze, uniq_sonja
Lair:1:   layout_cave_pods, beast_lair_carwin_10, serial_bayou_shore_a
Lair:2:   layout_regular_city, swamp_mist, nicolae_spider_entry_lesser_pyramids
Spider:1: layout_spider_delve
Spider:2: layout_chambers, drop_trap, spiders_nest_spider_trap

Skill      XL: |  1  2  3  4  5  6  7  8  9 10 11 12 13 14 |
---------------+-------------------------------------------+-----
Transmutations | 1 2 3 4 5 |  5.3
Stealth        | 2 3 4 5 |  5.6
Dodging        | 2 3 4 5 6 7 |  7.5
Fighting       | 1 2 3 4 5 6 7 |  7.3
Short Blades   | 1 2 3 4 5 6 7 |  7.0
Armour         | 1 2 3 4 5 |  5.2
Spellcasting   | 3 4 5 6 8 9 10 | 10.2
Air Magic      | 1 2 3 |  3.7
Poison Magic   | 4 6 7 8 9 10 11 | 11.0
Conjurations   | 1 2 3 4 5 6 7 |  7.5
Shields        | 1 2 3 5 6 7 |  7.3
Evocations     | 1 |  1.9
Fire Magic     | 1 2 |  2.6

Action                     |  1- 3 |  4- 6 |  7- 9 | 10-12 | 13-15 || total
---------------------------+-------+-------+-------+-------+-------++-------
  Melee: Unarmed           |     3 |       |       |       |       ||     3
         Dagger            |    14 |    82 |   176 |   281 |   100 ||   653
         Tailslap          |     3 |     7 |    23 |    52 |    20 ||   105
         Punch             |       |       |     1 |     5 |     2 ||     8
   Cast: Sting             |    66 |    21 |    60 |    68 |    27 ||   242
         Poisonous Vapours |     1 |     2 |    18 |    56 |    35 ||   112
         Mephitic Cloud    |       |     2 |     9 |    72 |    11 ||    94
         Olgreb's Toxic Ra |       |       |    14 |    33 |    32 ||    79
         Ignite Poison     |       |       |       |    86 |    72 ||   158
         Arcjolt           |       |       |       |    16 |    10 ||    26
         Fireball          |       |       |       |       |     9 ||     9
  Evoke: Wand              |       |       |       |       |     4 ||     4
    Use: Scroll            |       |       |    16 |    12 |     6 ||    34
         Potion            |       |       |     1 |     8 |     3 ||    12
   Stab: Sleeping          |     3 |     5 |     1 |     2 |       ||    11
         Distracted        |       |     1 |       |     1 |       ||     2
         Confused          |       |       |     3 |     2 |       ||     5
 Armour: Robe              |     5 |       |       |       |       ||     5
         Leather armour    |     2 |    10 |    40 |    57 |    69 ||   178
  Dodge: Dodged            |    21 |    28 |    98 |   164 |   198 ||   509
  Block: Other             |     1 |    26 |    66 |   103 |   129 ||   325

Table legend: (Time is in decaauts)
 A = Elapsed time spent in this place.
 B = Non-inter-level travel time spent in this place.
 C = Inter-level travel time spent in this place.
 D = Time resting spent in this place.
 E = Time spent auto-exploring this place.
 F = Levels seen in this place.
 G = Mean time per level.
                   A        B        C        D        E       F      G
               +--------+--------+--------+--------+--------+-----+--------+
         Total |  20048 |  18569 |   1479 |    100 |  14983 |  17 | 1179.3 |
       Dungeon |  15485 |  14137 |   1348 |    100 |  11507 |  12 | 1290.4 |
          Lair |   2063 |   1933 |    130 |      0 |   1561 |   2 | 1031.5 |
   Spider Nest |   2281 |   2281 |      0 |      0 |   1769 |   2 | 1140.5 |
        Bailey |    217 |    217 |      0 |      0 |    146 |   1 |  217.0 |
               +--------+--------+--------+--------+--------+-----+--------+

Top non-repeatable levels by time:
    D:11: 2203 daAuts
     D:7: 2040 daAuts
Spider:2: 1798 daAuts
     D:4: 1772 daAuts
     D:6: 1383 daAuts
    D:12: 1268 daAuts
     D:2: 1180 daAuts
    D:10: 1096 daAuts
     D:1: 1060 daAuts
     D:3: 1042 daAuts
  Lair:2: 1038 daAuts
  Lair:1: 1025 daAuts
     D:5: 966 daAuts
     D:9: 841 daAuts
     D:8: 629 daAuts
